 Dungeon Crawl Stone Soup version 0.26-a0-639-g72c4674329 (webtiles) character file.

Game seed: 12461022391346295800

(classic levelgen) 21465 EnegeticOcto the Cleaver (level 12, -7/112 HPs)
             Began as a Deep Dwarf Fighter on Sept 28, 2020.
             Was a High Priest of Makhleb.
             Mangled by an orc warrior
             ... wielding a +0 battleaxe
              (28 damage)
             ... while paralysed by an orc sorcerer
             ... on level 2 of the Orcish Mines.
             The game lasted 00:07:00 (7559 turns).

EnegeticOcto the Cleaver (Deep Dwarf Fighter)       Turns: 7559, Time: 00:07:00

Health: -7/112     AC: 22    Str: 25    XL:     12   Next: 54%
Magic:  8/8        EV:  2    Int:  9    God:    Makhleb [*****.]
Gold:   564        SH:  0    Dex: 12    Spells: 11/11 levels left

rFire    . . .     SeeInvis .   a - +4 broad axe (drain)
rCold    . . .     Faith    .   n - +1 tower shield {reflect}
rNeg     . . .     Spirit   .   t - +3 chain mail {rPois}
rPois    +         Reflect  +   A - +2 helmet
rElec    .         Harm     .   k - scarf {shadows}
rCorr    .         Rampage  .   r - +0 pair of gloves
MR       +....                  l - +2 pair of boots
Stlth    ..........             (no amulet)
HPRegen  0.00/turn              (no ring)
MPRegen  0.11/turn              (no ring)

@: paralysed, non-regenerating
A: damage resistance, heal wounds, sense surroundings 2, no regeneration
a: Heal Wounds, Minor Destruction, Lesser Servant of Makhleb, Major Destruction,
Greater Servant of Makhleb, Renounce Religion


You were on level 2 of the Orcish Mines.
You worshipped Makhleb.
Makhleb was extremely pleased with you.
You visited 3 branches of the dungeon, and saw 15 of its levels.

You collected 1010 gold pieces.
You spent 446 gold pieces at shops.

Inventory:

Hand Weapons
 a - a +4 broad axe of draining (weapon)
Missiles
 s - a throwing net (quivered)
Armour
 k - a scarf of shadows (worn)
 l - a +2 pair of boots (worn)
 n - a +1 tower shield of reflection (worn)
 r - a +0 pair of gloves (worn)
 t - a +3 chain mail of poison resistance (worn)
 A - a +2 helmet (worn)
 E - a +1 plate armour
Jewellery
 B - an uncursed amulet of faith
Wands
 c - a wand of digging (4) {@v3}
 u - a wand of acid (16) {@v1}
Scrolls
 b - 2 scrolls of fog
 e - 4 scrolls of remove curse {@r2}
 f - 5 scrolls of blinking
 i - 5 scrolls of magic mapping {@r5}
 q - 2 scrolls of identify {@r1}
 y - a scroll of fear
Potions
 d - 5 potions of might {@q3}
 g - 4 potions of heal wounds {@q2}
 h - a potion of berserk rage
 j - 3 potions of cancellation
 m - 2 potions of resistance {@q6}
 o - a potion of magic
 p - 2 potions of mutation
 w - a potion of ambrosia
 x - 5 potions of curing {@q1}
 z - a potion of lignification {@q7}
Miscellaneous
 C - a box of beasts (3/3)


   Skills:
 + Level 8.3 Fighting
 * Level 12.9 Axes
 + Level 9.8 Armour
 * Level 11.2 Shields
 + Level 10.6 Invocations


You had 11 spell levels left.
You didn't know any spells.
Your spell library was empty.

Dungeon Overview and Level Annotations

Branches:
Dungeon (12/15)            Temple (1/1) D:4            Lair (0/6) D:11
    Orc (2/2) D:12            Elf (0/3) Orc:2

Altars:
Ashenzari
Cheibriados
Dithmenos
Elyvilon
Fedhas
Gozag
Hepliaklqana
Kikubaaqudgha
Makhleb
Nemelex Xobeh
Okawaru
Qazlal
Ru
Sif Muna
Trog
Vehumet
Wu Jian
Xom
Zin
The Shining One
Beogh

Shops:
D:8 (!   D:12 :(?=*

Annotations:
D:4 exclusion: door
D:6 exclusion: 2 goblins
D:10 2 runed translucent doors, harkrass's ghost, novice MiFi


Innate Abilities, Weirdness & Mutations

You are resistant to damage.
You can heal yourself by infusing magical energy.
You passively map the area around you.
You do not regenerate.


Message History

The orc warrior hits you with a +0 flail.
You block the orc high priest's attack.
Your chain mail prevents you from hitting the orc high priest.
The orc high priest is severely wounded.
You slash the orc warrior! You slash the orc!
You kill the orc!
Makhleb accepts your kill.
You feel better.
You closely miss the orc warrior.
An orc wizard comes into view.
It is wielding a +2 dagger of holy wrath.
An orc warrior comes into view. It is wielding a +0 battleaxe.
The orc warrior hits you with a +0 flail!
The orc warrior throws a silver boomerang.
The silver boomerang hits you but does no damage.
The weapon returns to the orc warrior!
The orc high priest barely misses you.
The orc warrior hits you with a +0 dire flail!
You closely miss the orc high priest.
The orc high priest is severely wounded.
Your shield prevents you from hitting the orc warrior.
Your shield prevents you from hitting the orc.
Your shield and chain mail prevent you from hitting the orc wizard.
You slash the orc warrior!
An orc knight comes into view. It is wielding a +1 war axe.
You block the orc's attack.
The orc warrior hits you but does no damage.
You block the orc wizard's attack.
You slice the orc warrior!!
You kill the orc warrior!
Makhleb accepts your kill.
You feel better.
You slash the orc high priest!
You kill the orc high priest!
Makhleb accepts your kill.
You feel better.
You slash the orc warrior! You hit the orc. You drain the orc.
You kill the orc!
Makhleb accepts your kill.
You feel better.
You closely miss the orc wizard.
An orc warlord comes into view. It is wielding a +0 great sword.
An orc priest comes into view. It is wielding a +0 war axe.
The orc knight roars a battlecry!
The orcs go into a battle-frenzy!
The orc wizard points at you and mumbles some strange words.
The magic dart hits you but does no damage.
The orc warlord roars a battlecry!
The orc knight goes into a battle-frenzy!
You block the orc warrior's attack.
You slice the orc warrior!!
You kill the orc warrior!
Makhleb accepts your kill.
You feel better.
You hit the orc wizard but do no damage.
You closely miss the orc sorcerer.
The sentinel's mark upon you fades away.
An orc wizard comes into view. It is wielding a +0 dagger.
An orc warrior comes into view. It is wielding a +0 war axe.
You block the orc wizard's attack.
An orc comes into view. It is wielding a +0 mace.
The orc warlord roars a battlecry!
The orc sorcerer hits you but does no damage.
You block the orc warrior's attack.
You closely miss the orc sorcerer. You slash the orc wizard!
You kill the orc wizard!
Makhleb accepts your kill.
You feel better.
You hit the orc knight but do no damage.
The orc knight roars a battlecry!
The orc wizard mumbles some strange words.
The orc wizard seems to speed up.
The orc knight barely misses you.
You closely miss the orc sorcerer. You hit the orc knight.
You drain the orc knight.
The orc warrior hits you but does no damage.
The orc sorcerer gestures at you while chanting.
You suddenly lose the ability to move!
An orc knight comes into view. It is wielding a +0 dire flail.
The orc knight hits you with a +2 vampiric war axe!!
The orc knight draws strength from your wounds!
An orc comes into view. It is wielding a +0 whip.
An orc sorcerer comes into view. It is wielding a +0 dagger.
The orc warrior hits you but does no damage.
The orc sorcerer hits you but does no damage.
An orc warrior comes into view.
It is wielding a +0 short sword of protection.
An orc warrior comes into view. It is wielding a +0 short sword.
The orc knight hits you but does no damage.
The orc warrior hits you with a +0 flail!!
The orc priest looks braver for a moment.
The orc sorcerer completely misses you.
The orc warrior hits you from afar with a +0 glaive!!
The orc warrior hits you with a +0 battleaxe.
You hear a shout!
The orc warrior no longer looks unusually strong.
The orc sorcerer mumbles some strange words.
The orc knight hits you with a +2 vampiric war axe!
The orc warrior hits you with a +0 flail.
The orc sorcerer gestures at you while chanting.
You resist with almost no effort.
The orc knight roars a battlecry!
You hear a shout! x3
The orc sorcerer no longer looks unusually strong.
The orc warrior hits you from afar with a +0 glaive!!
* * * LOW HITPOINT WARNING * * *
The orc warrior hits you with a +0 battleaxe!!
You die...

### ** *** ##.#* ,** **.*###...##
,,* *,..#.##.#.## ,,***
**......#))..#
,**,****.#....#..).#*
,*,,,**...#...$#)###
,,,,,,*.......oo@o.##
,*,.$.##....#.o#oo..# ***
,,,............ooo.##**,**
,,,........3o..oo### *,,,*
,,,........o...oo#*****,**
,,,.......$.....##,,,*,,,*
,*,##...))......#,,,,,,,**
,,,#........#......,,,,,,***
,,,.#....)...##.....,,,,,,,******


You could see an orc warlord (strong), 3 orc knights, a ynoxinul (summoned), 2
orc sorcerers, 5 orc warriors, an orc priest (strong), 2 orc wizards and an orc
(strong).

Vanquished Creatures
  Jorgrun (Orc:1)
  Kirke (D:12)
  2 two-headed ogres
  The ghost of donkeybrains the Cleaver, a novice HOFi of Okawaru (D:11)
  2 orc high priests
  Urug (Orc:1)
  The ghost of harkrass the Basher, a novice MiFi of the Shining One (D:9)
  An ugly thing (D:11)
  2 manticores
  An elephant (D:11)
  A gargoyle (D:11)
  2 trolls
  A hippogriff (D:12)
  A vampire (D:11)
  A wraith (D:11)
  2 wyverns
  3 basilisks (D:11)
  3 hogs (D:12)
  8 yaks
  Grum (D:7)
  Menkaure (D:5)
  An acid dragon (D:11)
  4 black bears
  2 ice beasts
  A swamp drake (D:12)
  5 sky beasts
  26 orc warriors
  A wolf (D:7)
  11 ogres
  4 centaurs
  2 big kobolds (D:11)
  7 bullfrogs
  A gnoll sergeant (D:7)
  A scorpion (D:5)
  3 killer bees (D:10)
  3 howler monkeys
  4 wights (D:6)
  6 bullfrog zombies
  2 centaur zombies
  9 hounds
  14 orc priests
  A gnoll shaman (D:7)
  3 jellies
  A centaur skeleton (D:9)
  2 bullfrog skeletons
  17 orc wizards
  Natasha (twice) (D:4)
  2 iguanas
  8 worker ants
  4 worker ant zombies
  14 gnolls
  10 adders
  2 white imps
  4 ufetubi
  An adder zombie (D:8)
  An adder skeleton (D:4)
  A dart slug (D:2)
  3 leopard geckos
  94 orcs
  4 giant cockroaches
  3 goblins
  2 hobgoblins
  9 jackals
  6 quokkas
  A ball python (D:6)
  A bat (D:2)
  3 frilled lizards
  6 kobolds
  2 rats (D:1)
351 creatures vanquished.

Vanquished Creatures (others)
  A fungus (D:11)
  2 plants (D:11)
3 creatures vanquished.

Grand Total: 354 creatures vanquished

Notes
Turn   | Place    | Note
-------+----------+-------------------------------------------
     0 | D:1      | EnegeticOcto the Deep Dwarf Fighter began the quest for the
                  | Orb.
     0 | D:1      | Reached XP level 1. HP: 20/20 MP: 1/1
   122 | D:2      | Reached XP level 2. HP: 22/27 MP: 2/2
   475 | D:3      | Reached skill level 3 in Axes
   478 | D:3      | Reached XP level 3. HP: 24/33 MP: 3/3
   533 | D:4      | Found a staircase to the Ecumenical Temple.
   564 | Temple   | Entered the Ecumenical Temple
   574 | Temple   | Became a worshipper of Makhleb the Destroyer
   587 | D:4      | Reached XP level 4. HP: 41/42 MP: 3/3
   649 | D:4      | Found an opulent altar of Gozag.
   680 | D:4      | Found an ornate altar of the Wu Jian Council.
   725 | D:4      | Reached skill level 1 in Invocations
   754 | D:4      | Reached skill level 4 in Axes
   754 | D:4      | Reached XP level 5. HP: 45/49 MP: 3/5
   811 | D:4      | Found a white marble altar of Elyvilon.
   864 | D:4      | Found a shimmering blue altar of Sif Muna.
   967 | D:4      | Noticed Natasha
   973 | D:4      | Killed Natasha
  1054 | D:4      | Found a radiant altar of Vehumet.
  1116 | D:4      | Noticed Natasha
  1126 | D:4      | Killed Natasha
  1126 | D:4      | Reached XP level 6. HP: 36/56 MP: 6/6
  1132 | D:5      | Entered Level 5 of the Dungeon
  1135 | D:5      | Found a glowing silver altar of Zin.
  1168 | D:5      | Found a stormy altar of Qazlal.
  1334 | D:5      | Noticed Menkaure
  1341 | D:5      | Killed Menkaure
  1341 | D:5      | Reached skill level 5 in Axes
  1341 | D:5      | Reached XP level 7. HP: 29/63 MP: 6/8
  1482 | D:5      | Found a sacrificial altar of Ru.
  1516 | D:5      | Found an ancient bone altar of Kikubaaqudgha.
  1924 | D:6      | Reached skill level 5 in Armour
  1924 | D:6      | Reached skill level 5 in Shields
  2054 | D:6      | Reached skill level 6 in Axes
  2078 | D:6      | Reached * piety under Makhleb
  2240 | D:6      | Found a blossoming altar of Fedhas.
  2375 | D:7      | Reached XP level 8. HP: 70/73 MP: 7/7
  2448 | D:7      | Identified the +0 robe of Wonder {Int+2 Dex+7}
  2497 | D:7      | Reached skill level 7 in Axes
  2508 | D:7      | Reached skill level 5 in Invocations
  2511 | D:7      | Noticed Grum
  2521 | D:7      | Killed Grum
  2521 | D:7      | Reached skill level 5 in Fighting
  2620 | D:7      | Gained mutation: You passively map the area around you.
                  | [Deep Dwarf growth]
  2620 | D:7      | Reached XP level 9. HP: 37/81 MP: 6/8
  2624 | D:7      | Reached skill level 8 in Axes
  2653 | D:7      | Reached ** piety under Makhleb
  2872 | D:7      | Found a snail-covered altar of Cheibriados.
  3105 | D:8      | Noticed a two-headed ogre
  3113 | D:8      | Killed a two-headed ogre
  3113 | D:8      | Reached skill level 9 in Axes
  3240 | D:8      | Reached XP level 10. HP: 55/91 MP: 10/10
  3287 | D:8      | Reached *** piety under Makhleb
  3311 | D:8      | Found Vuagho's Distillery.
  3487 | D:8      | Found a bloodstained altar of Trog.
  3659 | D:8      | Found Acsiabb's Weapon Shoppe.
  3918 | D:9      | Reached skill level 10 in Axes
  4035 | D:9      | Found a runed translucent gate.
  4035 | D:9      | Noticed harkrass's ghost (novice MiFi)
  4037 | D:9      | Found a runed translucent gate.
  4038 | D:9      | Found a runed translucent gate.
  4038 | D:9      | Found a roughly hewn altar of Beogh.
  4062 | D:9      | Killed harkrass's ghost
  4091 | D:9      | Reached **** piety under Makhleb
  4514 | D:10     | Entered Level 10 of the Dungeon
  4865 | D:10     | Found a runed translucent door.
  4865 | D:10     | Noticed a sphinx
  4867 | D:10     | Noticed a skeletal warrior
  4868 | D:10     | Found a runed translucent door.
  4869 | D:10     | Noticed an ogre mage
  4871 | D:10     | Noticed a lich
  5086 | D:10     | Noticed a necromancer
  5174 | D:10     | Noticed harkrass's ghost (novice MiFi)
  5174 | D:10     | Noticed a skeletal warrior
  5206 | D:10     | Noticed a fire giant
  5364 | D:11     | Noticed a gargoyle
  5367 | D:11     | Noticed a manticore
  5374 | D:11     | Reached XP level 11. HP: 49/99 MP: 11/11
  5375 | D:11     | Reached skill level 11 in Axes
  5556 | D:11     | Found a staircase to the Lair.
  5603 | D:11     | Reached ***** piety under Makhleb
  5660 | D:11     | Found a runed translucent gate.
  5660 | D:11     | Found a runed translucent gate.
  5661 | D:11     | Noticed donkeybrains's ghost (novice HOFi)
  5661 | D:11     | Found a runed translucent gate.
  5662 | D:11     | Identified the +9 rapier of Compound Interest {vorpal, MR+
                  | Str+2 Int+4 Dex-5}
  5747 | D:11     | Noticed a white ugly thing
  5765 | D:11     | Killed a white ugly thing
  5789 | D:11     | Found a shadowy altar of Dithmenos.
  6333 | D:11     | Killed donkeybrains's ghost
  6339 | D:11     | Found a roughly hewn altar of Beogh.
  6373 | D:11     | Identified the -4 cloak "Hegydwuf" {*Slow rCorr Str+4} (You
                  | found it on level 11 of the Dungeon)
  6470 | D:12     | Found Zottay's Book Boutique.
  6492 | D:12     | Noticed Kirke
  6493 | D:12     | Noticed a lindwurm
  6520 | D:12     | Killed Kirke
  6520 | D:12     | Reached skill level 12 in Axes
  6520 | D:12     | Reached skill level 10 in Shields
  6630 | D:12     | Found Jaol's Magic Scroll Shop.
  6639 | D:12     | Bought a scroll of brand weapon for 300 gold pieces
  6640 | D:12     | Bought a scroll of enchant weapon for 112 gold pieces
  6643 | D:12     | Found Heugeer's Antique Weapon Emporium.
  6690 | D:12     | Found Bemal Fell's Jewellery Emporium.
  6705 | D:12     | Found Heysop's Assorted Antiques.
  6712 | D:12     | Bought a scroll labeled APPISIE RIUVU for 34 gold pieces
  6714 | D:12     | Found a staircase to the Orcish Mines.
  7122 | Orc:1    | Entered Level 1 of the Orcish Mines
  7166 | Orc:1    | Reached skill level 10 in Invocations
  7180 | Orc:1    | Reached XP level 12. HP: 99/110 MP: 12/12
  7211 | Orc:1    | Noticed Urug
  7222 | Orc:1    | Killed Urug
  7246 | Orc:1    | Noticed Jorgrun
  7267 | Orc:1    | Killed Jorgrun
  7301 | Orc:1    | Found a roughly hewn altar of Beogh.
  7301 | Orc:1    | Noticed an orc high priest
  7334 | Orc:1    | Killed an orc high priest
  7500 | Orc:2    | Entered Level 2 of the Orcish Mines
  7503 | Orc:2    | Noticed a two-headed ogre
  7509 | Orc:2    | Killed a two-headed ogre
  7540 | Orc:2    | Noticed an orc high priest
  7552 | Orc:2    | Killed an orc high priest
  7552 | Orc:2    | Noticed an orc warlord
  7555 | Orc:2    | Paralysed by an orc sorcerer for 5 turns
  7559 | Orc:2    | Mangled by an orc warrior

Illustrated notes

Levels and vault maps discovered:
D:1:      minmay_arrival_stair_chambers, layout_loops_ring
D:2:      layout_loops_ring, grunt_ministairs_12
D:3:      layout_rooms, yredelemnul_forgotten_temple_becter
D:4:      layout_cave_pools, marbit_many_paths, old_standard_altar,
          lemuel_doored_altar, led_sif_book, lemuel_coloured_pillars_altar,
          temple_statues, uniq_natasha
D:5:      layout_basic, kennysheep_mini_moat, kennysheep_mini,
          nicolae_overflow_hidden_temple, basic_altar,
          hangedman_decor_slide_cut, uniq_menkaure
D:6:      layout_rooms, fedhas_altar_1, kennysheep_okawaru_gauntlet
D:7:      layout_cave_pools, old_standard_altar, serial_gnoll_camp,
          gnoll_camp_mini_sergeant, gnoll_camp_mini_hut, grums_kennel,
          gnoll_camp_mini_house, hangedman_decor_clover_reticule
D:8:      layout_loops_ring, trog_ov_bears_minmay, special_room
          [special_room_orc], serial_shops,
          nicolae_shop_temple_entry_statues_fountains, nicolae_shop_statue_plus
D:9:      layout_loops_ring, biasface_ghost_orc_armoury
D:10:     layout_roguey, muffindrake_ghost_dual_entry
D:11:     layout_basic, david_lair_generic, biasface_ghost_orc_armoury,
          serial_curves, eino_curves_01, eino_curves_02,
          david_defended_altar_elf
D:12:     layout_basic, erik_orc_1, serial_shops, shop, shop,
          nicolae_shop_behind_doors, nicolae_shop_statue_plus, shop,
          kennysheep_generic_room_3, uniq_kirke
Temple:   eino_temple_lava
Orc:1:    layout_diamond_mine, kennysheep_orc_chapel, uniq_urug, uniq_jorgrun
Orc:2:    grunt_orc_cross, layout_caves, gauntlet_entry_generic

Skill      XL: |  1  2  3  4  5  6  7  8  9 10 11 12 |
---------------+-------------------------------------+-----
Axes           | 3 4 5 6 7 9 10 12 | 12.9
Fighting       | 3 4 5 6 7 8 |  8.3
Shields        | 4 5 6 7 8 10 11 | 11.2
Invocations    | 1 2 3 4 5 7 8 10 | 10.6
Armour         | 4 5 6 7 8 9 |  9.8

Action                   |  1- 3 |  4- 6 |  7- 9 | 10-12 || total
-------------------------+-------+-------+-------+-------++-------
Melee: War axe           |    67 |    43 |       |       ||   110
       Broad axe         |       |    37 |   281 |   654 ||   972
 Abil: Heal Wounds       |     2 |     1 |    13 |    26 ||    42
Evoke: Wand              |       |       |       |     2 ||     2
  Use: Scroll            |       |       |    14 |    17 ||    31
Armor: Scale mail        |    27 |    27 |    89 |       ||   143
       Plate armour      |       |       |   130 |   368 ||   498
       Chain mail        |       |       |       |    58 ||    58
Dodge: Dodged            |    19 |    25 |   118 |   101 ||   263
Block: Kite shield       |    35 |    40 |   227 |   134 ||   436
       Tower shield      |       |       |       |   526 ||   526
       Reflection        |       |       |       |    19 ||    19

Table legend: (Time is in decaauts)
 A = Elapsed time spent in this place.
 B = Non-inter-level travel time spent in this place.
 C = Inter-level travel time spent in this place.
 D = Time resting spent in this place.
 E = Time spent auto-exploring this place.
 F = Levels seen in this place.
 G = Mean time per level.
                   A        B        C        D        E       F      G
               +--------+--------+--------+--------+--------+-----+--------+
         Total |   7839 |   7460 |    379 |      0 |   5251 |  15 |  522.6 |
       Dungeon |   7374 |   7026 |    348 |      0 |   5051 |  12 |  614.5 |
        Temple |     18 |     11 |      7 |      0 |      1 |   1 |   18.0 |
  Orcish Mines |    446 |    422 |     24 |      0 |    199 |   2 |  223.0 |
               +--------+--------+--------+--------+--------+-----+--------+

Top non-repeatable levels by time:
    D:11: 1231 daAuts
     D:5: 782 daAuts
     D:8: 779 daAuts
     D:9: 758 daAuts
    D:10: 736 daAuts
    D:12: 729 daAuts
     D:7: 699 daAuts
     D:4: 628 daAuts
     D:6: 497 daAuts
     D:2: 414 daAuts
   Orc:1: 385 daAuts
     D:1: 73 daAuts
   Orc:2: 61 daAuts
     D:3: 44 daAuts
  Temple: 18 daAuts
